 Dungeon Crawl Stone Soup version 0.30-a0-840-ga523dec638 (webtiles) character file.

Game seed: 12388385016559589664

341 ytrimaz the Covered (level 6, -1/47 HPs)
             Began as a Formicid Fighter on Mar 1, 2023.
             Slain by a killer bee (7 damage)
             ... on level 4 of the Dungeon.
             The game lasted 00:04:18 (2560 turns).

ytrimaz the Covered (Formicid Fighter)              Turns: 2560, Time: 00:04:19

Health: -1/47      AC:  8    Str: 22    XL:     6   Next: 87%
Magic:  6/6        EV:  9    Int:  8    God:
Gold:   159        SH:  5    Dex: 13    Spells: 5/5 levels left

rFire   . . .      SeeInvis +    a - +0 war axe
rCold   . . .      Faith    .    c - +0 buckler
rNeg    . . .      Spirit   .    b - +0 scale mail
rPois   .          Reflect  .    (helmet unavailable)
rElec   .          Harm     .    (no cloak)
rCorr   .          Rampage  .    l - +0 pair of gloves
Will    .....                    (no boots) Stlth
                                 (no amulet)
HPRegen 0.27/turn                (no ring)
MPRegen 0.10/turn                (no ring)

@: lethally poisoned (-1 -> -6)
A: permanent stasis, dig shafts and tunnels, antennae 3, four strong arms
a: Dig, Shaft Self


You were on level 4 of the Dungeon.
You visited 1 branch of the dungeon, and saw 4 of its levels.

You collected 159 gold pieces.


Innate Abilities, Weirdness & Mutations

You cannot be hasted, slowed, berserked, paralysed or teleported.
You can dig through walls and to a lower floor.
You have a pair of large antennae on your head. (SInv)
Your four strong arms can wield two-handed weapons with a shield.


   Skills:
 - Level 3.3 Fighting
 + Level 4.9 Axes
 + Level 6.0 Armour
 - Level 4.0 Shields


You had 5 spell levels left.
You didn't know any spells.
Your spell library contained the following spells:

 Spells                   Type           Power      Damage    Failure   Level
 Ozocubu's Armour         Ice            0%         N/A       98%         3
 Malign Gateway           Summ/Tloc      0%         N/A       100%        7
 Ozocubu's Refrigeration  Ice            0%         4d7       100%        7
 Summon Horrible Things   Summ           0%         N/A       100%        8

Inventory:

Hand Weapons
 a - a +0 war axe (weapon)
Armour
 b - a +0 scale mail (worn)
 c - a +0 buckler (worn)
 l - a +0 pair of gloves (worn)
   (You found it on level 3 of the Dungeon)
Wands
 d - a wand of flame (9)
   (You took it off Sigmund on level 3 of the Dungeon)
Scrolls
 f - a scroll of vulnerability
 i - 2 scrolls of magic mapping
 k - 2 scrolls of identify
 n - 2 scrolls of noise
Potions
 e - 2 potions of attraction
 g - 5 potions of curing
 h - 2 potions of mutation {unknown}
 j - 2 potions of heal wounds {unknown}
 m - 2 potions of cancellation {unknown}

Dungeon Overview and Level Annotations

Branches:
Dungeon (4/15) Zot: 21370  Temple (0/1) D:4

Altars:

.........######....##
.........+...........{
.........##..$.....#
.........##........#
.######'###.....^.. .#
#.###...... .#
#.#.+....## .#
#.#.#....y## .#
#.#.#.....@# .#
#.#.#.####..# { ##
#.#.#'#####..#
#..........#..#
#...........##...
#.##........# ###. #.
#.#+###### . #. #.# #.
#.#


You could see a killer bee.


Message History

A goblin comes into view. It is wielding a +0 dagger.
The goblin shouts!
A ball python comes into view.
The ball python hisses angrily.
There are monsters nearby!
You enter the shallow water.
Moving in this stuff is going to be slow.
The ball python closely misses you. The ball python grabs you.
The ball python constricts you.
You closely miss the ball python. You hit the goblin.
The goblin hits you but does no damage.
The ball python bites you but does no damage.
The ball python constricts you.
You hit the goblin.
You kill the goblin!
You slash the ball python!
You kill the ball python!
Your Armour skill increases to level 6!
No target in view!
Unknown command.
You see here a +0 dagger.
You see here a +0 dagger.
Key pressed, stopping explore.
You hear the slow hiss of an avalanche of sand nearby.
As you open the door, it creaks loudly!
There is an open door here.
You now have 157 gold pieces (gained 16).
You open the door.
There is an open door here.
You now have 159 gold pieces (gained 2).
A killer bee comes into view.
A killer bee is nearby!
Unknown command.
You miss the killer bee. The killer bee barely misses you.
The killer bee stings you but does no damage. x2
You barely miss the killer bee. The killer bee closely misses you.
The killer bee barely misses you.
You closely miss the killer bee. You block the killer bee's attack.
The killer bee stings you but does no damage. x2
You slash the killer bee! The killer bee stings you.
You are poisoned.
The killer bee poisons you!
The killer bee closely misses you. 😕 HP[-1]
You take 1 damage, and now have 46/47 hp.
You miss the killer bee.
You feel very sick.
The killer bee stings you but does no damage.
You block the killer bee's attack. The killer bee stings you.
You are more poisoned.
The killer bee poisons you! 😕 HP[-8]
You take 8 damage, and now have 38/47 hp.
You barely miss the killer bee.
You feel very sick. The killer bee barely misses you.
The killer bee stings you but does no damage. 😮 HP[-4]
You take 4 damage, and now have 34/47 hp.
Unknown command.
You closely miss the killer bee.
You feel very sick. The killer bee barely misses you.
The killer bee stings you.
The killer bee barely misses you. 😮 HP[-3]
You take 3 damage, and now have 31/47 hp.
You hit the killer bee.
You feel very sick. The killer bee misses you. The killer bee stings you!
* * * LOW HITPOINT WARNING * * *
You block the killer bee's attack. 😨 HP[-11]
You take 11 damage, and now have 20/47 hp.
MASSIVE DAMAGE!! (PAUSE)
You barely miss the killer bee.
You feel sick. The killer bee barely misses you.
You block the killer bee's attack. 😨 HP[-1]
You take 1 damage, and now have 19/47 hp.
You barely miss the killer bee.
You feel sick. You block the killer bee's attack. The killer bee stings you.
* * * LOW HITPOINT WARNING * * *
You are more poisoned.
The killer bee poisons you!
The killer bee stings you but does no damage. 😨 HP[-2]
You take 2 damage, and now have 17/47 hp.
You miss the killer bee.
You feel very sick. The killer bee closely misses you.
The killer bee barely misses you. 😨 HP[-3]
You take 3 damage, and now have 14/47 hp.
You miss the killer bee.
You feel very sick. You block the killer bee's attack.
The killer bee barely misses you. x2 😱 HP[-3]
You take 3 damage, and now have 11/47 hp.
You miss the killer bee.
You feel sick. The killer bee stings you.
* * * LOW HITPOINT WARNING * * *
The killer bee stings you!
You die...

Skill      XL: |  1  2  3  4  5  6 |
---------------+-------------------+-----
Armour         | 4 5 6 |  6.0
Axes           | 3 4 |  4.9
Fighting       | |  3.3
Shields        | |  4.0

Action                     |  1- 3 |  4- 6 || total
---------------------------+-------+-------++-------
  Melee: War axe           |    70 |    98 ||   168
    Use: Scroll            |     2 |     8 ||    10
         Potion            |       |     2 ||     2
 Armour: Scale mail        |    39 |    55 ||    94
  Dodge: Dodged            |    40 |    49 ||    89
  Block: Buckler           |    31 |    26 ||    57

Levels and vault maps discovered:
D:1:      amcnicky_arrival_single_pillar, layout_basic,
          chequers_serial_rivers_micro_d
D:2:      layout_loops_ring, grunt_ministairs_6, serial_bayou_crossing
D:3:      layout_loops_ring, hellmonk_ecumenical_altar_run_dry, uniq_sigmund
D:4:      dreamdust_elfheim, layout_basic, minmay_temple_entry_mist,
          gup_ossuary_entry_pyramid, serial_shops, nicolae_shop_stone,
          uniq_robin

Notes
Turn   | Place    | Note
-------+----------+-------------------------------------------
     0 | D:1      | ytrimaz the Formicid Fighter began the quest for the Orb.
     0 | D:1      | Reached XP level 1. HP: 18/18 MP: 1/1
     0 | D:1      | magus.rc [v1.9.6]
    26 | D:1      | Reached XP level 2. HP: 12/24 MP: 2/2
   250 | D:1      | Reached XP level 3. HP: 29/29 MP: 3/3
   301 | D:1      | You add the spells Ozocubu's Armour and Ozocubu's
                  | Refrigeration to your library.
   382 | D:1      | Reached skill level 4 in Armour
   805 | D:2      | Reached skill level 3 in Axes
   853 | D:2      | Reached XP level 4. HP: 35/35 MP: 4/4
  1772 | D:3      | Reached XP level 5. HP: 40/41 MP: 5/5
  1859 | D:3      | You add the spells Malign Gateway and Summon Horrible
                  | Things to your library.
  1941 | D:3      | Noticed Sigmund
  1949 | D:3      | HP: 10/41 [Sigmund/+2 heavy scythe (15)]
  1951 | D:3      | Killed Sigmund
  1952 | D:3      | Reached skill level 4 in Axes
  1952 | D:3      | Reached skill level 5 in Armour
  1952 | D:3      | Reached XP level 6. HP: 13/47 MP: 6/6
  2244 | D:3      | Found a faded altar of an unknown god.
  2485 | D:4      | Found a staircase to the Ecumenical Temple.
  2492 | D:4      | Reached skill level 6 in Armour
  2559 | D:4      | HP: 11/47 [poisoned by a killer bee]
  2560 | D:4      | Slain by a killer bee

Vanquished Creatures
  Sigmund (D:3)
  A phantom (D:4)
  4 adders
  3 dart slugs
  4 endoplasms
  A giant cockroach (D:1)
  7 goblins
  7 hobgoblins
  3 jackals (D:1)
  6 kobolds
  A quokka (D:1)
  6 ball pythons
  8 bats
  2 frilled lizards
  9 rats
63 creatures vanquished.

Table legend:
 A = Non-vault XP
 B = Vault XP
 C = Vault XP percentage of total XP
 D = Non-vault monster count
 E = Vault monster count
 F = Vault count percentage of total count
                 A         B        C        D         E       F
            +---------+---------+-------+---------+---------+-------
      Total |     262 |     226 |  46.3 |      60 |       3 |   4.8
            +---------+---------+-------+---------+---------+-------
        D:1 |      49 |       0 |   0.0 |      27 |       0 |   0.0
        D:2 |      62 |       3 |   4.6 |      15 |       2 |  11.8
        D:3 |      34 |     223 |  86.8 |      14 |       1 |   6.7
        D:4 |     117 |       0 |   0.0 |       4 |       0 |   0.0
            +---------+---------+-------+---------+---------+-------

Illustrated notes

Table legend:
 A = Kills in this place as a percentage of kills in the entire game.
 B = Kills by you in this place as a percentage of kills by you in the entire game.
 C = Kills by friends in this place as a percentage of kills by friends in the entire game.
 D = Other kills in this place as a percentage of other kills in the entire game.
 E = Experience gained in this place as a percentage of experience gained in the entire game.
 F = Experience gained in this place divided by the number of levels of this place that you have seen.
                   A       B       C       D       E      F
               +-------+-------+-------+-------+-------+----------------------
         Total | 100.0 | 100.0 |   N/A |   N/A | 100.0 | 122.0
       Dungeon | 100.0 | 100.0 |   N/A |   N/A | 100.0 | 122.0
               +-------+-------+-------+-------+-------+----------------------

Table legend: (Time is in decaauts)
 A = Elapsed time spent in this place.
 B = Non-inter-level travel time spent in this place.
 C = Inter-level travel time spent in this place.
 D = Time resting spent in this place.
 E = Time spent auto-exploring this place.
 F = Levels seen in this place.
 G = Mean time per level.
                   A        B        C        D        E       F      G
               +--------+--------+--------+--------+--------+-----+--------+
         Total |   2628 |   2558 |     70 |      0 |   2059 |   4 |  657.0 |
       Dungeon |   2628 |   2558 |     70 |      0 |   2059 |   4 |  657.0 |
               +--------+--------+--------+--------+--------+-----+--------+

Top non-repeatable levels by time:
     D:2: 843 daAuts
     D:1: 825 daAuts
     D:3: 717 daAuts
     D:4: 242 daAuts
